 Dungeon Crawl Stone Soup version 0.27.1-33-g824d729ab1 (webtiles) character file.

Game seed: 12305746655236184421

58 Stomo444 the Skirmisher (level 4, -1/24 HPs)
             Began as a Vine Stalker Fighter on Dec 7, 2021.
             Slain by Crazy Yiuf (4 damage)
             ... while petrified by Crazy Yiuf
             ... on level 2 of the Dungeon on Dec 20, 2021.
             The game lasted 00:03:34 (1376 turns).

Stomo444 the Skirmisher (Vine Stalker Fighter)      Turns: 1376, Time: 00:03:35

Health: -1/24      AC:  6    Str: 20    XL:     4   Next: 2%
Magic:  0/5        EV:  2    Int:  8    God:
Gold:   150        SH:  0    Dex: 13    Spells: 3/3 levels left

rFire    . . .     SeeInvis .   a - +0 flail
rCold    . . .     Faith    .   c - +0 kite shield
rNeg     + + +     Spirit   +   b - +0 scale mail
rPois    ∞         Reflect  .   (no helmet)
rElec    .         Harm     .   (no cloak)
rCorr    .         Rampage  .   (no gloves)
Will     .....                  (no boots)
Stlth    ..........             l - amulet of the acrobat
HPRegen  1.08/turn              (no ring)
MPRegen  0.09/turn              (no ring)

@: petrified
A: fangs 2, regeneration 1, magic shield, antimagic bite, no potion heal 2
a: no special abilities


You were on level 2 of the Dungeon.
You visited 1 branch of the dungeon, and saw 2 of its levels.

You collected 150 gold pieces.

Inventory:

Hand Weapons
 a - a +0 flail (weapon)
Armour
 b - a +0 scale mail (worn)
 c - a +0 kite shield (worn)
Jewellery
 l - an amulet of the acrobat (around neck)
Scrolls
 g - a scroll of noise {unknown}
 i - a scroll of blinking {unknown}
 j - a scroll of immolation {unknown}
 k - 2 scrolls of identify {unknown}
Potions
 d - a potion of might
 e - a potion of berserk rage {unknown}
 f - 2 potions of curing {unknown}
 h - 2 potions of haste {unknown}


   Skills:
 + Level 3.1 Fighting
 + Level 2.2 Maces & Flails
 + Level 2.8 Armour
 + Level 0.9 Dodging
 + Level 3.1 Shields


You had 3 spell levels left.
You didn't know any spells.
Your spell library was empty.

Dungeon Overview and Level Annotations

Branches:
Dungeon (2/15)

Altars:

Annotations:
D:2 Crazy Yiuf


Innate Abilities, Weirdness & Mutations

You have extremely sharp teeth.
Your natural rate of healing is unusually fast.
When hurt, damage is shared between your health and your magic reserves.
Your bite disrupts and absorbs the magic of your enemies.
Potions cannot restore your health.


Message History

You closely miss Crazy Yiuf. You bite Crazy Yiuf, but do no damage.
Crazy Yiuf hits you with a +2 quarterstaff of chaos.
Crazy Yiuf freezes you.
You hit Crazy Yiuf. Your bite misses Crazy Yiuf.
Crazy Yiuf is moderately wounded.
Crazy Yiuf drinks a potion.
Crazy Yiuf seems to grow stronger.
You block Crazy Yiuf's attack.
Unknown command.
You closely miss Crazy Yiuf. Your bite misses Crazy Yiuf.
Crazy Yiuf is moderately wounded.
Crazy Yiuf closely misses you.
You closely miss Crazy Yiuf.
Crazy Yiuf is moderately wounded.
Crazy Yiuf laughs, "Trifle shoe ladder!"
You block Crazy Yiuf's attack. Crazy Yiuf closely misses you.
Unknown command.
You hit Crazy Yiuf. You bite Crazy Yiuf. You drain his power.
You feel invigorated.
Crazy Yiuf is moderately wounded.
Crazy Yiuf hits you with a +2 quarterstaff of chaos!
You are slowing down.
Unknown command.
Unknown command.
Unknown command.
Unknown command.
Unknown command.
Unknown command.
Unknown command.
Crazy Yiuf yells, "Mugger!"
Crazy Yiuf zaps a wand.
Some rock shatters into small pieces.
You have turned to stone.
Crazy Yiuf cries, "Papa canine verde!"
Crazy Yiuf hits you with a +2 quarterstaff of chaos!!
You are electrocuted!
* * * LOW HITPOINT WARNING * * *
Crazy Yiuf hits you with a +2 quarterstaff of chaos!
* * * LOW HITPOINT WARNING * * *
You feel your power leaking away.
Crazy Yiuf hits you with a +2 quarterstaff of chaos!
You die...

......#....#####....#..#...#
#.
....#...#####.........>....#
#.
.###..#####...#########....#
#. .###............# ##...#
#. ###......####.### ##..#
#. #..##### .# #..# #.
###.###########.## #..# #.
...(.........#.#.## ### #..#
#. #######(......#.@g#...#
#..# ## ###
#......####.'...# #### ..#
##....## ###..)# ..# ######
### ..# ###


You could see Crazy Yiuf (strong).

Vanquished Creatures
  Jessica (D:2)
  An adder (D:2)
  2 dart slugs (D:2)
  3 ball pythons
  A giant cockroach (D:1)
  2 goblins
  2 hobgoblins (D:2)
  A quokka (D:1)
  2 bats (D:2)
  A frilled lizard (D:2)
  3 kobolds
  4 rats
23 creatures vanquished.

Notes
Turn   | Place    | Note
-------+----------+-------------------------------------------
     0 | D:1      | Stomo444 the Vine Stalker Fighter began the quest for the
                  | Orb.
     0 | D:1      | Reached XP level 1. HP: 11/11 MP: 2/2
   261 | D:1      | Found a faded altar of an unknown god.
   548 | D:1      | Reached XP level 2. HP: 16/16 MP: 3/3
   921 | D:2      | Reached XP level 3. HP: 19/19 MP: 4/4
  1048 | D:2      | Found a runed translucent door.
  1049 | D:2      | Noticed Crazy Yiuf
  1127 | D:2      | Noticed Jessica
  1132 | D:2      | Killed Jessica
  1133 | D:2      | Gained mutation: Your natural rate of healing is unusually
                  | fast. [Vine Stalker growth]
  1133 | D:2      | Reached XP level 4. HP: 24/24 MP: 5/5
  1376 | D:2      | Slain by Crazy Yiuf

Illustrated notes

Levels and vault maps discovered:
D:1:      minmay_arrival_checkered_box, layout_loops_ring,
          shapermc_ecumenical_altar_pompeii
D:2:      layout_rooms, lemuel_another_geyser, uniq_jessica,
          uniq_crazy_yiuf_cottage

Skill      XL: |  1  2  3 |
---------------+----------+-----
Maces & Flails | 2 |  2.2
Shields        | 3 |  3.1
Fighting       | 3 |  3.1
Armour         | |  2.8
Dodging        | |  0.9

Action                   |  1- 3 |  4- 6 || total
-------------------------+-------+-------++-------
Melee: Flail             |    47 |     7 ||    54
       Bite              |    14 |     3 ||    17
Armor: Scale mail        |    15 |     1 ||    16
Dodge: Dodged            |    12 |     2 ||    14
Block: Kite shield       |    24 |     2 ||    26
